 Dungeon Crawl Stone Soup version 0.19-a0-1743-g6dcb786 (webtiles) character file.

595 rgaf the Insei (level 7, -3/48 HPs)
             Began as a Merfolk Transmuter on Oct 1, 2016.
             Slain by Duvessa
             ... wielding a +0 short sword
              (7 damage)
             ... on level 4 of the Dungeon.
             The game lasted 00:08:27 (4669 turns).

rgaf the Insei (Merfolk Transmuter)                 Turns: 4669, Time: 00:08:27

Health: -3/48      AC:  4    Str: 11    XL:     7   Next: 40%
Magic:  13/13      EV: 13    Int: 14    God:
Gold:   215        SH:  0    Dex: 14    Spells: 1 memorised, 13 levels left

rFire  . . .     SeeInvis .       - Unarmed
rCold  . . .     Gourm    .     b - +0 robe
rNeg   . . .     Faith    .     (no shield)
rPois  .         Spirit   .     n - +2 hat
rElec  .         Dismiss  .     (no cloak)
rCorr  .         Reflect  .     (no gloves)
MR     .....     Harm     .     (no boots)
Stlth  +.........               (no amulet)
                                (no ring)
                                h - ring of wizardry

@: about to teleport, appendage
A: change form in water, swift swim, stealthy swim, horns 2
a: End Transformation


You were on level 4 of the Dungeon.
You were hungry.
You had grown temporary horns.
You visited 1 branch of the dungeon, and saw 4 of its levels.

You collected 215 gold pieces.

Inventory:

Missiles
 a - 12 arrows
Armour
 b - a +0 robe (worn)
 n - a +2 hat (worn)
Jewellery
 g - an uncursed amulet of guardian spirit
 h - a ring of wizardry (left hand)
Wands
 r - a wand of confusion (44/48)
Scrolls
 j - 3 scrolls of immolation
 k - a scroll of enchant weapon {unknown}
 l - a scroll of recharging
 p - a scroll of fear {unknown}
 q - a scroll of enchant armour {unknown}
 t - a scroll of teleportation
Potions
 e - 3 potions of agility {unknown}
 i - a potion of brilliance
 u - a potion of invisibility
 v - 2 potions of curing
Books
 c - a book of Changes

   Spells                             Type                      Level
   a - Beastly Appendage              Transmutation                1
   b - Sticks to Snakes               Transmutation                2
   c - Spider Form                    Transmutation/Poison         3
   d - Ice Form                       Ice/Transmutation            4
   e - Blade Hands                    Transmutation                5
Comestibles
 d - 4 bread rations
 f - 3 meat rations


   Skills:
 - Level 1.1 Fighting
 - Level 2.6 Dodging
 + Level 6.7 Unarmed Combat
 * Level 4.1 Spellcasting
 * Level 5.6 Transmutations


You had 13 spell levels left.
You knew the following spells:

 Your Spells              Type           Power        Failure   Level  Hunger
a - Beastly Appendage     Tmut           ###...       1%          1    None


Dungeon Overview and Level Annotations

Branches:
Dungeon (4/15)
 Temple: D:4-7

Altars:
Elyvilon
Fedhas
Uskayaw

Annotations:
D:4 Duvessa


Innate Abilities, Weirdness & Mutations

You revert to your normal form in water.
You are very nimble and swift while swimming.
You are very stealthy in the water.
You have a pair of horns on your head.


Message History

Duvessa is lightly wounded.
Duvessa barely misses you.
You closely miss Duvessa. You headbutt Duvessa, but do no damage.
Duvessa is lightly wounded.
Duvessa barely misses you.
You hit Duvessa. Your headbutt misses Duvessa.
Duvessa is moderately wounded.
Duvessa hits you but does no damage. Duvessa hits you with a short sword!
As you read the scroll labeled SUMYUDGHU NENI, it crumbles to dust.
It is a scroll of recharging.
Charge which item? (? for menu, Esc to quit)
Your wand of confusion (19/48) glows for a moment and now has 44 charges.
Duvessa hits you with a short sword!
* * * LOW HITPOINT WARNING * * *
As you read the scroll labeled IMUROAVILODA, it crumbles to dust.
You feel strangely unstable.
It was a scroll of teleportation.
Duvessa hits you with a short sword!
* * * LOW HITPOINT WARNING * * *
Duvessa hits you with a short sword!
You die...

##.### #..###.## #.## #
#...#####.###..# #.# #.....##..#
#..# #.# # ##.........###..# #.##
## ###..##....##...# ###..# ##.
..#...###..#....# ##....## ##..
......###.......###......#####.e.
......#.!.......#....###..##.....
##.........#....@e.### ##.......#
##.....######.....# ##.....#.
##..### #.....# ##...##. #).##
#.....# #...# . ##...### ##.....#
##...#. ###..#...####....#.##
#..... .#####..#....###.##.#
#..... ....##.##.#### ##.#.##
..... ....####### #.##.# .....


You could see Duvessa (berserk).

Vanquished Creatures
  A yak (D:4)
  An ogre (D:4)
  Dowan (D:4)
  A howler monkey (D:4)
  A crimson imp (D:4)
  Terence (D:3)
  3 worker ants (D:4)
  7 adders
  An ooze (D:3)
  2 adder skeletons (D:4)
  8 dart slugs
  A leopard gecko (D:2)
  10 orcs
  A ball python (D:4)
  2 giant cockroaches
  4 goblins
  5 hobgoblins
  4 jackals (D:4)
  4 kobolds
  A quokka (D:4)
  4 bats (D:1)
  2 frilled lizards
  4 rats
69 creatures vanquished.

Notes
Turn   | Place    | Note
-------+----------+-------------------------------------------
     0 | D:1      | rgaf the Merfolk Transmuter began the quest for the Orb.
     0 | D:1      | Reached XP level 1. HP: 15/15 MP: 3/3
   145 | D:1      | Reached XP level 2. HP: 19/21 MP: 5/5
   299 | D:1      | Reached skill level 4 in Unarmed Combat
   734 | D:2      | Reached XP level 3. HP: 26/26 MP: 6/6
  1433 | D:2      | Found a white marble altar of Elyvilon.
  1433 | D:2      | Found a hide-covered altar of Uskayaw.
  1434 | D:2      | Found a blossoming altar of Fedhas.
  1566 | D:2      | Reached skill level 5 in Unarmed Combat
  1809 | D:3      | Reached XP level 4. HP: 32/32 MP: 7/7
  2161 | D:3      | Noticed Terence
  2178 | D:3      | Killed Terence
  2178 | D:3      | Reached skill level 6 in Unarmed Combat
  2178 | D:3      | Reached XP level 5. HP: 27/37 MP: 8/8
  2721 | D:4      | Noticed a yak
  3027 | D:4      | Noticed a yak
  3071 | D:4      | Killed a yak
  3071 | D:4      | Reached XP level 6. HP: 16/43 MP: 7/10
  3941 | D:4      | Reached XP level 7. HP: 45/48 MP: 10/12
  3948 | D:4      | Reached skill level 5 in Transmutations
  4519 | D:4      | Noticed Duvessa
  4519 | D:4      | Noticed Dowan
  4550 | D:4      | Killed Dowan
  4669 | D:4      | Slain by Duvessa

Vault maps used:
D:1:      minmay_arrival_doors
D:2:      gammafunk_temple_overflow_claw, minmay_misc_feat_tower
D:3:      lemuel_upstairs_altar, minmay_misc_feat_diagonals, uniq_terence
D:4:      first_bread, uniq_duvessa

Skill      XL: |  1  2  3  4  5  6  7 |
---------------+----------------------+-----
Unarmed Combat | 4 5 6 |  6.7
Transmutations | 4 5 |  5.6
Spellcasting   | 3 4 |  4.1
Fighting       | |  1.1
Dodging        | |  2.6

Action                   |  1- 3 |  4- 6 |  7- 9 || total
-------------------------+-------+-------+-------++-------
Melee: Unarmed           |   106 |   194 |    42 ||   342
       Punch             |     2 |     4 |     1 ||     7
       Headbutt          |       |    12 |     4 ||    16
 Cast: Beastly Appendage |       |     5 |     3 ||     8
Evoke: Wand              |       |     1 |       ||     1
  Use: Scroll            |     2 |     4 |     2 ||     8
       Potion            |       |     5 |       ||     5
 Stab: Sleeping          |     7 |     1 |       ||     8
  Eat: Chunk             |     3 |     7 |       ||    10
       Pizza             |       |       |     1 ||     1
Armor: Robe              |    18 |    31 |     9 ||    58
Dodge: Dodged            |    56 |   119 |    15 ||   190
